 Dungeon Crawl Stone Soup version 0.29.0-7-g18a832c13a (webtiles) character file.

Game seed: 10436672309655304917

2 JEDS the Digger (level 1, -4/13 HPs)
             Began as a Formicid Earth Elementalist on Aug 31, 2022.
             Hit by a stone thrown by a hobgoblin (5 damage)
             ... on level 2 of the Dungeon.
             The game lasted 00:06:39 (115 turns).

JEDS the Digger (Formicid Earth Elementalist)        Turns: 115, Time: 00:06:40

Health: -4/13      AC:  2    Str: 12    XL:     1   Next: 33%
Magic:  3/3        EV: 12    Int: 14    God:
Gold:   0          SH:  0    Dex: 14    Spells: 3/4 levels left

rFire   . . .      SeeInvis +   (no weapon)
rCold   . . .      Faith    .   (no shield)
rNeg    . . .      Spirit   .   a - +0 robe
rPois   .          Reflect  .   (helmet unavailable)
rElec   .          Harm     .   (no cloak)
rCorr   .          Rampage  .   (no gloves)
Will    .....                   (no boots)
Stlth   ++........              (no amulet)
HPRegen 0.04/turn               (no ring)
MPRegen 0.08/turn               (no ring)

@: no status effects
A: permanent stasis, dig shafts and tunnels, antennae 3, four strong arms
a: Dig, Shaft Self


You were on level 2 of the Dungeon.
You visited 1 branch of the dungeon, and saw 2 of its levels.

Inventory:

Armour
 a - a +0 robe (worn)
Potions
 b - a potion of magic (quivered)


   Skills:
 + Level 1.8 Dodging
 + Level 2.4 Stealth
 + Level 2.2 Spellcasting
 + Level 1.1 Transmutations
 + Level 3.6 Earth Magic


You had 3 spell levels left.
You knew the following spells:

 Your Spells              Type           Power      Damage    Failure   Level
a - Sandblast             Erth           22%        2d7       5%          1

Your spell library contained the following spells:

 Spells                   Type           Power      Damage    Failure   Level
 Passwall                 Tmut/Erth      6%         N/A       13%         2
 Stone Arrow              Conj/Erth      12%        3d7       32%         3
 Petrify                  Tmut/Erth      8%         N/A       65%         4


Dungeon Overview and Level Annotations

Branches:
Dungeon (2/15)

Altars:


Innate Abilities, Weirdness & Mutations

You cannot be hasted, slowed, berserked, paralysed or teleported.
You can dig through walls and to a lower floor.
You have a pair of large antennae on your head. (SInv)
Your four strong arms can wield two-handed weapons with a shield.


Message History

The hobgoblin attacks as you move away! The hobgoblin barely misses you.
The hobgoblin throws a stone.
The stone barely misses you.
The hobgoblin throws a stone.
The stone barely misses you.
The hobgoblin throws a stone.
The stone hits you.
* * * LOW HITPOINT WARNING * * *
The bat barely misses you.
You are too injured to fight recklessly!
You miss the bat. The bat hits you but does no damage. The bat misses you.
The hobgoblin throws a stone.
The stone hits you but does no damage. The bat hits you.
* * * LOW HITPOINT WARNING * * *
The frilled lizard hisses.
The bat barely misses you. x2
The bat hits you but does no damage.
Found 4 stones.
The bat hits you but does no damage. The bat barely misses you.
The hobgoblin throws a stone.
The stone closely misses you.
There are monsters nearby!
There are monsters nearby!
There are monsters nearby!
There are monsters nearby!
There are monsters nearby!
The bat barely misses you. The bat misses you. The bat hits you.
* * * LOW HITPOINT WARNING * * *
You barely miss the bat. The bat hits you but does no damage.
The bat barely misses you.
There are monsters nearby!
Unknown command.
You are too injured to fight recklessly!
You are too injured to fight recklessly!
You are too injured to fight recklessly!
You are too injured to fight recklessly!
The bat attacks as you move away! The bat completely misses you.
The bat barely misses you.
You hit the bat.
The bat is moderately wounded.
The bat hits you but does no damage.
The hobgoblin throws a stone.
The stone hits you.
You die...

## 8.. ####..
#.###<....#
#....# ###..#
##.# #.#
######.#.. #.#
######@b....(.#
#.#
###.l.g..####.###
##.###...######
####......###
......#####
......# ...#..†#
##...#... ##..
.....


You could see a hobgoblin, a bat and a frilled lizard.

Vanquished Creatures
  A quokka (D:2)
  A bat (D:2)
2 creatures vanquished.

Notes
Turn   | Place    | Note
-------+----------+-------------------------------------------
     0 | D:1      | JEDS the Formicid Earth Elementalist began the quest for
                  | the Orb.
     0 | D:1      | Reached XP level 1. HP: 13/13 MP: 3/3
    25 | D:1      | You fall into a shaft and drop 1 floor!
   115 | D:2      | Hit by a stone thrown by a hobgoblin

Illustrated notes

Levels and vault maps discovered:
D:1:      minmay_arrival_four_houses, layout_basic, minmay_tetromino_o4
D:2:      layout_rooms, hellmonk_ecumenical_altar_prayer_group, st_stairs_6,
          minmay_misc_feat_hallway, minmay_misc_feat_rows

Action                   || total
-------------------------++-------
Melee: Unarmed           ||    15
 Abil: Dig               ||     5
       Shaft Self        ||     1
Armor: Robe              ||    10
Dodge: Dodged            ||    30
